 Dungeon Crawl Stone Soup version 0.29-a0-284-gf9362112df (webtiles) character file.

Game seed: 15050768451869866159

83209 bande the Severer (level 15, -10/95 HPs)
             Began as a Gargoyle Fighter on Mar 22, 2022.
             Was the Champion of Okawaru.
             Killed from afar by Azrael (43 damage)
             ... with damnation
             ... on level 12 of the Dungeon.
             The game lasted 00:51:36 (19605 turns).

bande the Severer (Gargoyle Fighter)               Turns: 19605, Time: 00:51:36

Health: -10/95     AC: 36    Str: 20    XL:     15   Next: 76%
Magic:  23/23      EV: 15    Int: 10    God:    Okawaru [******]
Gold:   3018       SH:  7    Dex: 17    Spells: 14/14 levels left

rFire   . . .      SeeInvis .   L - +3 broad axe (vamp)
rCold   . . .      Faith    +   c - +0 buckler
rNeg    + . .      Spirit   .   x - +0 plate armour
rPois   ∞          Reflect  .   d - +2 hat {Will+}
rElec   +          Harm     .   C - scarf {repulsion}
rCorr   .          Rampage  ∞   e - +0 pair of gloves
Will    ++...                   B - +3 pair of seven-league boots {Rampage+∞}
Stlth   ..........              l - amulet of faith
HPRegen 0.25/turn               j - +4 ring of evasion
MPRegen 0.18/turn               y - +4 ring of evasion

@: flying, studying Axes, repel missiles, unable to read
A: sickness immunity, AC +11, big wings, negative energy resistance 1,
electricity resistance, torment resistance 1, petrification resistance, agile 1,
passive freeze, inability to read while threatened
a: Renounce Religion, Heroism, Finesse, Duel


You were on level 12 of the Dungeon.
You worshipped Okawaru.
Okawaru was exalted by your worship.
You visited 3 branches of the dungeon, and saw 20 of its levels.

You collected 3370 gold pieces.
You spent 352 gold pieces at shops.

Inventory:

Hand Weapons
 a - a +1 war axe of flaming
 b - a +1 war axe of holy wrath
 L - a +3 vampiric broad axe (weapon)
Armour
 c - a +0 buckler (worn)
 d - a +2 hat of willpower (worn)
 e - a +0 pair of gloves (worn)
 n - a scarf of resistance
 x - a +0 plate armour (worn)
 B - the +3 pair of seven-league boots (worn) {Rampage+∞}
   (Okawaru gifted it to you on level 2 of the Lair of Beasts)

   Its wearer moves as far as possible in that direction when moving towards
   enemies.
 C - a scarf of repulsion (worn)
Jewellery
 j - a +4 ring of evasion (left hand)
 l - an amulet of faith (around neck)
 o - a ring of ice
 r - a +6 ring of intelligence
 y - a +4 ring of evasion (right hand)
 I - a ring of protection from cold
 O - a ring of ice
Wands
 q - a wand of iceblast (19)
 w - a wand of acid (28)
 z - a wand of polymorph (1)
 E - a wand of mindburst (16)
 F - a wand of flame (23)
 M - a wand of digging (6)
Scrolls
 h - 3 scrolls of enchant armour
 k - 9 scrolls of teleportation
 s - 4 scrolls of magic mapping
 u - 7 scrolls of identify
 G - a scroll of blinking
 J - a scroll of amnesia
 N - a scroll of fog
 P - 2 scrolls of silence
Potions
 f - 7 potions of haste
 g - 9 potions of curing
 i - 5 potions of flight
 p - 3 potions of magic
 v - 3 potions of brilliance
 A - 4 potions of mutation
 D - 3 potions of heal wounds
 H - a potion of berserk rage
 K - 2 potions of might
Miscellaneous
 m - a lightning rod (4/4)


   Skills:
 + Level 11.5 Fighting
 + Level 16.4 Axes
 + Level 15.1 Armour
 + Level 10.1 Shields
 * Level 11.6 Invocations
 * Level 9.2 Evocations


You had 14 spell levels left.
You didn't know any spells.
Your spell library contained the following spells:

 Spells                   Type           Power      Damage    Failure   Level
 Foxfire                  Conj/Fire      0%         2x1d4     99%         1
 Magic Dart               Conj           0%         1d3       99%         1
 Slow                     Hex            0%         N/A       99%         1
 Static Discharge         Conj/Air       0%         N/A       100%        2
 Confusing Touch          Hex            0%         N/A       100%        3
 Conjure Flame            Conj/Fire      0%         6-21      100%        3
 Inner Flame              Hex/Fire       0%         N/A       100%        3
 Mephitic Cloud           Conj/Pois/Air  0%         N/A       100%        3
 Vampiric Draining        Necr           0%         2d6       100%        3
 Airstrike                Air            0%         N/A       100%        4
 Anguish                  Hex/Necr       0%         N/A       100%        4
 Cause Fear               Hex            0%         N/A       100%        4
 Dispel Undead            Necr           0%         3d6       100%        4
 Flame Wave               Conj/Fire      0%         2d4       100%        4
 Leda's Liquefaction      Hex/Erth       0%         N/A       100%        4
 Sticky Flame             Conj/Fire      0%         2d3       100%        4
 Lee's Rapid Deconstruct  Erth           0%         3d5*      100%        5
 Lightning Bolt           Conj/Air       0%         1d11      100%        5
 Enfeeble                 Hex            0%         N/A       100%        7
 Storm Form               Tmut/Air       0%         N/A       100%        7
 Discord                  Hex            0%         N/A       100%        8
 Maxwell's Capacitive Co  Air            0%         ∞         100%        8
 Call Imp                 Summ           Unusable   N/A       N/A         2
 Tukima's Dance           Hex            Unusable   N/A       N/A         3
 Summon Lightning Spire   Summ/Air       Unusable   N/A       N/A         4
 Statue Form              Tmut/Erth      Unusable   N/A       N/A         6

Dungeon Overview and Level Annotations

Branches:
Dungeon (13/15)            Temple (1/1) D:6            Lair (6/6) D:9
  Swamp (0/4) Lair:4        Snake (0/4) Lair:4        Slime (0/5) Lair:6
    Orc (0/2) D:12
 Vaults: D:13-14

Altars:
Ashenzari
Cheibriados
Dithmenos
Elyvilon
Fedhas
Gozag
Hepliaklqana
Kikubaaqudgha
Makhleb
Nemelex Xobeh
Okawaru
Qazlal
Ru
Sif Muna
Trog
Uskayaw
Vehumet
Wu Jian
Xom
Yredelemnul
Zin
Jiyva

Shops:
D:1 (   D:4 **   D:13 *

Annotations:
D:12 Azrael


Innate Abilities, Weirdness & Mutations

You are immune to sickness and miasma.
Your stone body is resilient. (AC +11)
You are immune to poison.
Your large and strong wings let you fly.
You resist negative energy. (rN+)
You are resistant to electric shocks. (rElec)
You are resistant to unholy torment.
You are immune to petrification.
You are agile. (Dex +2)
A frigid envelope surrounds you and freezes all who hurt you.
You sometimes lose the ability to read scrolls when taking damage.


Message History

Okawaru accepts your kill.
You fly upwards.
There is a stone staircase leading down here.
No target in view!
No target in view!
No target in view!
No target in view!
No target in view!
No target in view!
No target in view!
No target in view!
You fly downwards.
Level annotation: Azrael Azrael gestures at you.
The sphere of damnation explodes!
The damnation engulfs you!!
You hear an angry hiss.
There is a stone staircase leading up here.
Azrael gestures at you.
The sphere of damnation explodes!
The damnation engulfs you!!
You feel threatened and lose the ability to read scrolls!
The damnation engulfs Azrael.
Azrael completely resists.
You fly upwards.
There is a stone staircase leading down here.
You are too injured to fight recklessly!
You are too injured to fight recklessly!
You slash Azrael!
Azrael is lightly wounded.
You block Azrael's attack.
You hit Azrael.
Azrael is lightly wounded.
Unknown command.
You slice Azrael!!
Azrael is heavily wounded.
Azrael hits you but does no damage.
Azrael is frozen!
Azrael is very cold.
Azrael is heavily wounded.
You slice Azrael!!
Azrael is severely wounded.
Azrael gestures at you.
The sphere of damnation explodes!
The damnation engulfs you!!!
You die...

(..# #...# ###.########.. ####
###.## #># #.♣ #..# #.# #.. ##.#
#.## ### ########'## #..# # ###
#.........# #####'##### # ..#
#.........# #.........#####
..####.........####.........'.#..
..##.'.........#@†'.........#.#..
..##.#.........÷R##.........#.'..
..#..#.........####.........###..
....##.......<.# #.........# #..
..############## ########### ###
..# ###


You could see Azrael.

Vanquished Creatures
  Gastronok (D:9)
  Snorg (D:11)
  Fannar (D:11)
  2 boulder beetles (D:11)
  4 hydras
  3 two-headed ogres
  Erica (D:11)
  3 catoblepae (Lair:6)
  8 death yaks (Lair:6)
  Nergalle (Lair:4)
  Amaemon (D:8)
  Pikel (D:7)
  2 lindwurms
  The ghost of Cecur the Poker, a novice FoFi of Nemelex Xobeh (D:5)
  3 manticores
  A cyclops (D:11)
  Maurice (D:8)
  2 black mambas (Lair:4)
  23 elephants
  A gargoyle (D:12)
  An orange demon (D:9)
  8 cane toads
  An unseen horror (D:10)
  A kobold demonologist (D:12)
  6 komodo dragons
  4 trolls
  A hornet (D:10)
  2 polar bears
  4 dream sheep (Lair:6)
  15 blink frogs
  7 slime creatures
  A shadow (D:10)
  Sigmund (D:2)
  4 wyverns
  2 basilisks
  2 wraiths
  56 yaks
  3 fire elementals
  7 vampire mosquitoes
  2 nagas (Lair:4)
  4 hell hounds (D:12)
  14 water moccasins
  5 orc warriors
  Duvessa (D:5)
  2 black bears
  A swamp drake (D:12)
  2 ice beasts
  4 sky beasts
  5 ogres
  8 wolves (Lair:6)
  9 centaurs
  2 lemures (D:7)
  10 kobold brigands
  12 bullfrogs
  A gnoll sergeant (D:10)
  A necrophage (D:7)
  3 scorpions
  4 wights (D:7)
  Dowan (D:5)
  10 killer bees
  A howler monkey (D:8)
  An electric eel (Lair:4)
  2 hounds (D:6)
  7 jellies
  5 gnoll shamans (D:11)
  11 orc priests
  Crazy Yiuf (D:5)
  Jessica (D:2)
  3 iguanas
  15 orc wizards
  13 adders
  17 gnolls
  2 shadow imps
  A white imp (D:7)
  4 worms
  2 dart slugs
  43 orcs
  6 ball pythons
  4 bats
  A bat zombie (D:8)
  7 endoplasms
  4 giant cockroaches
  12 goblins
  16 hobgoblins
  4 jackals (D:3)
  4 quokkas
  A frilled lizard (D:1)
  29 kobolds
  3 rats
  A rat zombie (D:8)
509 creatures vanquished.

Vanquished Creatures (others)
  15 fungi
  58 plants
73 creatures vanquished.

Grand Total: 582 creatures vanquished

Notes
Turn   | Place    | Note
-------+----------+-------------------------------------------
     0 | D:1      | bande the Gargoyle Fighter began the quest for the Orb.
     0 | D:1      | Reached XP level 1. HP: 14/14 MP: 1/1
   186 | D:1      | Reached XP level 2. HP: 15/19 MP: 2/2
   334 | D:1      | Reached skill level 2 in Axes
   558 | D:1      | Found Jecumoth's Weapon Boutique.
   688 | D:1      | Found a faded altar of an unknown god.
  1146 | D:1      | Identified 3 scrolls of acquirement
  1146 | D:1      | Acquired a manual of Armour
  1316 | D:2      | Acquired 1099 gold pieces
  1319 | D:2      | Acquired 974 gold pieces
  1330 | D:2      | Reached XP level 3. HP: 23/23 MP: 3/3
  1338 | D:2      | Gained mutation: A frigid envelope surrounds you and
                  | freezes all who hurt you. [potion of mutation]
  1338 | D:2      | Gained mutation: You are agile. (Dex +2) [potion of
                  | mutation]
  1338 | D:2      | Gained mutation: You sometimes lose the ability to read
                  | scrolls when taking damage. [potion of mutation]
  1441 | D:2      | Noticed Jessica
  1453 | D:2      | Killed Jessica
  1454 | D:2      | Reached XP level 4. HP: 27/29 MP: 4/4
  1532 | D:2      | Identified the +5 trident "Filofat" {flame, rElec Str+6}
  1607 | D:2      | Noticed Sigmund
  1614 | D:2      | Killed Sigmund
  1615 | D:2      | Reached skill level 3 in Axes
  1615 | D:2      | Reached skill level 5 in Armour
  1615 | D:2      | Reached XP level 5. HP: 30/33 MP: 5/5
  1684 | D:2      | Reached XP level 6. HP: 38/38 MP: 6/6
  1715 | D:2      | Reached skill level 4 in Axes
  2274 | D:3      | Identified the +1 ring mail of Veawepp {Int+3}
  2642 | D:4      | Found a broken altar of Ashenzari.
  2643 | D:4      | Found a glowing silver altar of Zin.
  2643 | D:4      | Found a basalt altar of Yredelemnul.
  2653 | D:4      | Found a hide-covered altar of Uskayaw.
  2760 | D:4      | Found a shadowy altar of Dithmenos.
  2860 | D:4      | Noticed a sky beast
  2867 | D:4      | Reached XP level 7. HP: 41/44 MP: 7/7
  2873 | D:4      | Reached skill level 5 in Axes
  2962 | D:4      | Found Ikaess's General Store.
  3069 | D:4      | Found Fiagac's Neck Hole.
  3079 | D:4      | Bought a scarf of resistance for 352 gold pieces
  3237 | D:5      | Entered Level 5 of the Dungeon
  3314 | D:5      | Noticed Duvessa
  3314 | D:5      | Noticed Dowan
  3318 | D:5      | Killed Duvessa
  3320 | D:5      | Killed Dowan
  3321 | D:5      | Reached skill level 6 in Axes
  3530 | D:5      | Reached XP level 8. HP: 48/48 MP: 8/8
  3537 | D:5      | Found a blossoming altar of Fedhas.
  3591 | D:5      | Reached skill level 5 in Fighting
  3627 | D:5      | Found a runed translucent gate.
  3628 | D:5      | Found a runed translucent gate.
  3629 | D:5      | Found a runed translucent gate.
  3752 | D:5      | Identified the +7 trident "Voisoschala" {elec, rC+ Will+
                  | Str-4 Stlth+}
  3761 | D:5      | Reached skill level 7 in Axes
  3821 | D:5      | Found a runed translucent door.
  3822 | D:5      | Noticed Crazy Yiuf
  3990 | D:5      | Noticed Cecur's ghost (novice FoFi)
  4084 | D:5      | Killed Crazy Yiuf
  4150 | D:5      | Killed Cecur's ghost
  4151 | D:5      | Reached XP level 9. HP: 36/54 MP: 9/9
  4388 | D:6      | Found a staircase to the Ecumenical Temple.
  4394 | D:6      | Reached skill level 8 in Axes
  4394 | D:6      | Reached skill level 5 in Shields
  4406 | Temple   | Entered the Ecumenical Temple
  4428 | Temple   | Became a worshipper of Warmaster Okawaru
  4491 | D:6      | Reached skill level 1 in Invocations
  4787 | D:6      | Reached * piety under Okawaru
  5039 | D:6      | Found an ornate altar of the Wu Jian Council.
  5331 | D:7      | Reached skill level 9 in Axes
  5372 | D:7      | Reached skill level 10 in Armour
  5444 | D:7      | Noticed Pikel
  5466 | D:7      | Killed Pikel
  5466 | D:7      | Reached ** piety under Okawaru
  5467 | D:7      | Reached skill level 1 in Evocations
  5467 | D:7      | Reached XP level 10. HP: 60/61 MP: 12/12
  5471 | D:7      | Reached *** piety under Okawaru
  6893 | D:8      | Reached **** piety under Okawaru
  6894 | D:8      | Noticed Maurice
  6911 | D:8      | Killed Maurice
  6912 | D:8      | Reached skill level 10 in Axes
  6985 | D:8      | Found an ancient bone altar of Kikubaaqudgha.
  7211 | D:9      | Noticed a two-headed ogre
  7219 | D:9      | Killed a two-headed ogre
  7219 | D:9      | Reached ***** piety under Okawaru
  7227 | D:9      | Reached skill level 5 in Invocations
  7436 | D:9      | Reached XP level 11. HP: 46/67 MP: 14/14
  7549 | D:9      | Noticed Amaemon
  7550 | D:9      | Noticed a two-headed ogre
  7563 | D:8      | Killed Amaemon
  7730 | D:8      | Killed a two-headed ogre
  7730 | D:8      | Identified the +4 hat of Okawaru's Pride {Rampage} (Okawaru
                  | gifted it to you on level 8 of the Dungeon)
  7730 | D:8      | Received a gift from Okawaru
  7872 | D:9      | Found a staircase to the Lair.
  8279 | D:9      | Found a bloodstained altar of Trog.
  8396 | Lair:1   | Entered Level 1 of the Lair of Beasts
  8656 | Lair:1   | Noticed Gastronok
  9199 | D:9      | Killed Gastronok
  9200 | D:9      | Reached skill level 11 in Axes
  9849 | Lair:2   | Noticed an eight-headed hydra
  9884 | Lair:2   | Killed a six-headed hydra
  9886 | Lair:2   | Received a gift from Okawaru
  9886 | Lair:2   | Found the +3 pair of seven-league boots {Rampage+∞}
 10392 | Lair:2   | Reached XP level 12. HP: 75/75 MP: 15/18
 10393 | Lair:2   | Reached XP level 13. HP: 80/80 MP: 15/19
 10955 | Lair:3   | Gained mutation: Your large and strong wings let you fly.
                  | [Gargoyle growth]
 10955 | Lair:3   | Reached XP level 14. HP: 86/86 MP: 21/21
 11167 | Lair:3   | Reached skill level 12 in Axes
 12295 | Lair:4   | Noticed Nergalle
 12315 | Lair:4   | Killed Nergalle
 12754 | Lair:4   | Reached skill level 10 in Invocations
 12810 | Lair:4   | Found a staircase to the Snake Pit.
 12980 | Lair:4   | Found a staircase to the Swamp.
 13400 | Lair:5   | Acquired a +1 vampiric broad axe
 13403 | Lair:5   | Acquired a manual of Axes
 13514 | Lair:5   | Received a gift from Okawaru
 13580 | Lair:5   | Reached skill level 10 in Fighting
 13587 | Lair:5   | Reached skill level 13 in Axes
 14455 | Lair:6   | Entered Level 6 of the Lair of Beasts
 14592 | Lair:6   | Found a staircase to the Slime Pits.
 14593 | Lair:6   | Found a viscous altar of Jiyva.
 14633 | Lair:6   | Reached ****** piety under Okawaru
 14642 | Lair:6   | Reached skill level 14 in Axes
 14706 | Lair:6   | Received a gift from Okawaru
 14876 | Lair:6   | Received a gift from Okawaru
 14879 | Lair:6   | Reached XP level 15. HP: 90/93 MP: 23/23
 15056 | Lair:6   | Received a gift from Okawaru
 15269 | Lair:6   | Reached skill level 15 in Axes
 15794 | D:10     | Entered Level 10 of the Dungeon
 15830 | D:10     | Identified the +2 arbalest of Saukutor {elec, Fly} (Okawaru
                  | gifted it to you on level 10 of the Dungeon)
 15830 | D:10     | Received a gift from Okawaru
 16163 | D:10     | Found a shimmering altar of Xom.
 16536 | D:11     | Noticed Fannar
 16554 | D:11     | Killed Fannar
 16787 | D:11     | Reached skill level 15 in Armour
 16813 | D:11     | Noticed Erica
 16837 | D:11     | Killed Erica
 17183 | D:11     | Noticed Snorg
 17191 | D:11     | Killed Snorg
 17192 | D:11     | Reached skill level 16 in Axes
 17762 | D:12     | Found a viscous altar of Jiyva.
 17784 | D:11     | Reached skill level 10 in Shields
 18249 | D:12     | Received a gift from Okawaru
 18670 | D:12     | Found a staircase to the Orcish Mines.
 18951 | D:13     | Found Zairuagg's General Store.
 18955 | D:13     | Noticed Azrael
 19605 | D:12     | Killed from afar by Azrael

Illustrated notes

Levels and vault maps discovered:
D:1:      dpeg_arrival_erosion, layout_basic, serial_shops, shop,
          chequers_ecumenical_altar_grove
D:2:      layout_loops_ring, uniq_sigmund, uniq_jessica
D:3:      layout_basic
D:4:      layout_rooms, grunt_dithmenos_smoke_and_mirrors,
          chequers_temple_overflow_statue_of_worship, serial_curves,
          eino_curves_04, eino_curves_03, nicolae_stop_n_shop_2,
          nicolae_shop_sticking_my_neck_out
D:5:      dreamdust_elfheim, layout_rooms, fedhas_bush_and_centaur_altar,
          ebering_ghost_rock_garden, uniq_crazy_yiuf_cottage
D:6:      layout_basic, mainiacjoe_overflow_surrounded_room,
          minmay_temple_entry_slanted, solitary_fountain, dk_rats_in_the_wall
D:7:      layout_loops_cross, grunt_ministairs_10, kennysheep_generic_room_3,
          uniq_pikel
D:8:      layout_gridville, lemuel_zombie_altar_kikubaaqudgha, uniq_maurice
D:9:      layout_rooms, trog_hazing_becter, david_lair_shrubbed,
          lemuel_flamethrower_2, uniq_amaemon
D:10:     nicolae_BIG_FREAKIN_CUBE, layout_loops_ring,
          overflow_temple_1_default, dk_vineyard_1, st_stairs_2
D:11:     kennysheep_seaside_town, layout_basic, uniq_erica, uniq_fannar,
          uniq_snorg
D:12:     layout_roguey, erik_orc_1, dreamdust_princess_bridge, jiyva_altar_1
D:13:     layout_loops_cross, serial_shops, nicolae_shop_waterfront,
          nrook_guardian_serpent_ordinary, uniq_azrael, uniq_josephine
Temple:   minmay_temple_bridge_abc
Lair:1:   statuecave_lemuel, layout_small_grid, serial_bayou_crossing,
          uniq_gastronok
Lair:2:   layout_loops_ring, chequers_serial_rivers_micro_d
Lair:3:   layout_gridlike
Lair:4:   layout_big_grid, minmay_swamp_entry_eels, guppyfry_snake_entry_garden,
          infiniplex_staircase_pool, grunt_megastairs_3, uniq_nergalle
Lair:5:   layout_small_grid, lemuel_fruit_tree, grunt_megastairs_2
Lair:6:   evilmike_catoblepas_cave, layout_gridlike, slime_altar_1

Skill      XL: |  1  2  3  4  5  6  7  8  9 10 11 12 13 14 15 |
---------------+----------------------------------------------+-----
Axes           | 2 3 4 6 7 9 10 11 14 16 | 16.4
Armour         | 4 5 6 7 8 10 11 13 14 15 | 15.1
Fighting       | 4 5 6 7 8 9 10 11 | 11.5
Shields        | 4 5 6 8 9 10 | 10.1
Invocations    | 3 5 8 9 10 11 | 11.6
Evocations     | 1 3 6 7 8 9 |  9.2

Action                   |  1- 3 |  4- 6 |  7- 9 | 10-12 | 13-15 || total
-------------------------+-------+-------+-------+-------+-------++-------
Melee: War axe           |    70 |   101 |   185 |   223 |   248 ||   827
       Broad axe         |       |       |       |       |   679 ||   679
  Use: Scroll            |    12 |     2 |     4 |     8 |     7 ||    33
       Potion            |     1 |       |       |     6 |       ||     7
 Stab: Confused          |       |       |       |       |     1 ||     1
Armor: Scale mail        |    35 |    58 |     9 |       |       ||   102
       Chain mail        |       |       |    57 |       |       ||    57
       Plate armour      |       |       |    18 |   180 |   471 ||   669
Dodge: Dodged            |    33 |    52 |    90 |   116 |   583 ||   874
       Repelled          |       |       |       |       |     4 ||     4
Block: Buckler           |    11 |    22 |    55 |    88 |   300 ||   476

Table legend: (Time is in decaauts)
 A = Elapsed time spent in this place.
 B = Non-inter-level travel time spent in this place.
 C = Inter-level travel time spent in this place.
 D = Time resting spent in this place.
 E = Time spent auto-exploring this place.
 F = Levels seen in this place.
 G = Mean time per level.
                   A        B        C        D        E       F      G
               +--------+--------+--------+--------+--------+-----+--------+
         Total |  19676 |  19254 |    422 |   3848 |  11217 |  20 |  983.8 |
       Dungeon |  12841 |  12604 |    237 |   2739 |   7223 |  13 |  987.8 |
        Temple |     44 |     44 |      0 |      0 |      0 |   1 |   44.0 |
          Lair |   6790 |   6605 |    185 |   1109 |   3994 |   6 | 1131.7 |
               +--------+--------+--------+--------+--------+-----+--------+

Top non-repeatable levels by time:
     D:9: 1633 daAuts
    D:11: 1615 daAuts
    D:12: 1395 daAuts
     D:1: 1341 daAuts
     D:8: 1295 daAuts
  Lair:3: 1277 daAuts
  Lair:4: 1179 daAuts
  Lair:6: 1172 daAuts
     D:5: 1162 daAuts
  Lair:5: 1155 daAuts
  Lair:2: 1119 daAuts
     D:7: 901 daAuts
  Lair:1: 884 daAuts
     D:2: 836 daAuts
     D:6: 763 daAuts
